[Event "Swedish Chess Championship 2021: Mastarklassen-Elit"]
[Site "Scandic Helsingborg Nord, Florettgatan 41, Helsingborg, Sweden"]
[Date "2021.07.09"]
[Round "7.5"]
[White "Ernst, Thomas"]
[Black "Zadruzny, Nicolaj"]
[Result "1/2-1/2"]
[TimeControl "90 minutes for 40 moves + 30 minutes for the rest of the game + 30 seconds per move from move one."]
[WhiteTitle "GM"]
[BlackTitle "FM"]
[WhiteFideId "1700065"]
[BlackFideId "1709550"]
[WhiteElo "2310"]
[BlackElo "2333"]

1. e4 e5 2. Nf3 Nc6 3. Bb5 Nf6 4. d3 Bc5 5. c3 O-O 6. O-O d6 7. Nbd2 a6 8. Ba4 Ba7 9. Re1 Ne7 10.
Nf1 Ng6 11. Ng3 h6 12. h3 d5 13. exd5 Nxd5 14. Bb3 c6 15. d4 exd4 16. Nxd4 Qf6 17. Ne4 Qh4 18. Nf3 Qd8 19. Nd4 Qh4 20.
Nf3 Qd8 21. Nd4 Qh4 1/2-1/2

[Event "Swedish Chess Championship 2021: Mastarklassen-Elit"]
[Site "Scandic Helsingborg Nord, Florettgatan 41, Helsingborg, Sweden"]
[Date "2021.07.10"]
[Round "8.1"]
[White "Sorensen, Hampus"]
[Black "Ernst, Thomas"]
[Result "1-0"]
[TimeControl "90 minutes for 40 moves + 30 minutes for the rest of the game + 30 seconds per move from move one."]
[WhiteTitle "FM"]
[BlackTitle "GM"]
[WhiteFideId "8703884"]
[BlackFideId "1700065"]
[WhiteElo "2392"]
[BlackElo "2310"]

1. d4 d5 2. c4 c6 3. Nf3 Nf6 4. Nc3 dxc4 5. e4 b5 6. Be2 b4 7. Na4 Nxe4 8. Bxc4 e6 9. O-O Be7 10.
Qe2 Nf6 11. Bg5 O-O 12. Rfd1 Nd5 13. Bxe7 Qxe7 14. Ne5 Nb6 15. Bb3 Nxa4 16. Bxa4 Bb7 17. Rac1 Rc8 18. Rc2 Qd6 19. Qh5 Rc7 20.
Rd3 g6 21. Qh6 Nd7 22. Nxf7 Kxf7 23. Qxh7+ Ke8 24. d5 cxd5 25. Rf3 Qe5 26. h3 Kd8 27. Rf7 1-0

[Event "Swedish Chess Championship 2021: Mastarklassen-Elit"]
[Site "Scandic Helsingborg Nord, Florettgatan 41, Helsingborg, Sweden"]
[Date "2021.07.10"]
[Round "8.2"]
[White "Nikolic, Vladan"]
[Black "Johansson, Thomas"]
[Result "0-1"]
[TimeControl "90 minutes for 40 moves + 30 minutes for the rest of the game + 30 seconds per move from move one."]
[WhiteFideId "1710702"]
[BlackFideId "1702998"]
[WhiteElo "2222"]
[BlackElo "2254"]

1. d4 g6 2. e4 Nf6 3. e5 Nh5 4. Be2 d6 5. Bxh5 gxh5 6. exd6 Qxd6 7. c3 Bg4 8. Ne2 Nd7 9. Na3 O-O-O 10. Be3 Qa6 11. h3 Bf5 12. Qb3 e6 13. c4 Be4 14. f3 Bc6 15. Nb5 b6 16. a4 Qb7 17. O-O Rg8 18. Kh1 Be7 19.
Bg1 Rg5 20. Nf4 Rf5 21. Bh2 a6 22. Qc2 Bg5 23. Nxh5 axb5 24. axb5 Bxf3 25. gxf3 Be3 26. Qe2 Bxd4 27. Ng3 Re5 28.
Ne4 Rh5 29. Qg2 f5 30. Ng3 Rh4 31. Ra3 Rg8 32. Rfa1 Rf4 33. Qe2 Rg6 34. Nh5 Rh4 35. Ra7 Qxa7 36. Rxa7 Rxh3 37. Ra1 Rxh5 38.
Rd1 Bc5 39. b4 Bd6 40. Rxd6 cxd6 41. c5 Rgh6 42. Qd3 Rxh2+ 43. Kg1 Rh1+ 44. Kg2 f4 45. cxd6 R6h2# 0-1

[Event "Swedish Chess Championship 2021: Mastarklassen-Elit"]
[Site "Scandic Helsingborg Nord, Florettgatan 41, Helsingborg, Sweden"]
[Date "2021.07.10"]
[Round "8.3"]
[White "Thorn, Eric"]
[Black "Furhoff, Johan"]
[Result "1/2-1/2"]
[TimeControl "90 minutes for 40 moves + 30 minutes for the rest of the game + 30 seconds per move from move one."]
[WhiteTitle "FM"]
[BlackTitle "IM"]
[WhiteFideId "1710729"]
[BlackFideId "1701797"]
[WhiteElo "2271"]
[BlackElo "2324"]

1. e4 c6 2. d4 d5 3. e5 Bf5 4. Nd2 e6 5. Nb3 Nd7 6. Nf3 Ne7 7. Be2 Ng6 8. O-O h5 9. Be3 f6 10.
exf6 gxf6 11. Bd3 Be4 12. Re1 Be7 13. Bc1 f5 14. Ne5 Ngxe5 15. dxe5 Bxd3 16. Qxd3 c5 17. c4 Nb6 18. Na5 Qc7 19.
cxd5 Nxd5 20. Qb5+ Kf7 21. Nxb7 Rab8 22. Nd6+ Qxd6 23. exd6 Rxb5 24. dxe7 Kxe7 25. Bg5+ Kd6 26. Rad1 Rg8 27.
Bf6 Rg6 28. Be5+ Kc6 29. Rd3 Ra5 30. a3 Ra4 31. f3 a5 32. Rc1 h4 33. Kf2 f4 34. Rd4 Nb6 35. Rd6+ Kb5 36. Rd8 Rg5 37.
Bc7 Nd5 38. Rb8+ Kc6 39. Bd8 Rg8 40. Bc7 Rg5 41. Bd8 Rg8 1/2-1/2

[Event "Swedish Chess Championship 2021: Mastarklassen-Elit"]
[Site "Scandic Helsingborg Nord, Florettgatan 41, Helsingborg, Sweden"]
[Date "2021.07.10"]
[Round "8.4"]
[White "Lindberg, Bengt"]
[Black "Zadruzny, Nicolaj"]
[Result "1-0"]
[TimeControl "90 minutes for 40 moves + 30 minutes for the rest of the game + 30 seconds per move from move one."]
[WhiteTitle "IM"]
[BlackTitle "FM"]
[WhiteFideId "1700359"]
[BlackFideId "1709550"]
[WhiteElo "2392"]
[BlackElo "2333"]

1. e4 e5 2. Nf3 Nc6 3. Nc3 Nf6 4. Bb5 Bd6 5. O-O O-O 6. d3 h6 7. a3 Re8 8. h3 Bf8 9. Bc4 d6 10. Nd5 Nxd5 11. Bxd5 Ne7 12. Bb3 Ng6 13. Re1 Qf6 14. Nh2 Nf4 15. Qf3 g5 16. Ng4 Qg6 17. Ne3 h5 18. g4 h4 19. Nf5 Bg7 20. Kh2 Qf6 21. Bd2 Be6 22. Bc3 Qd8 23. Rad1 c5 24. Bc4 Qc7 25. Ne3 d5 26. exd5 e4 27. dxe4 Nxd5+ 28. Kg1 Nxe3 29. Qxe3 Bxc4 30. Bxg7 Kxg7 31. Qc3+ Re5 32. Qxc4 Rae8 33. Re3 b6 34. Rd5 f6 35. Qd3 R8e7 36. c4 R5e6 37. e5 fxe5 38. Qf5 Kh6 39. Rf3 Qb8 40. Rfd3 Qg8 41. Rd6 Qg6 42. Qf8+ Qg7 43. Qc8 Qf7 44. Qh8+ Qh7 45. Qxe5 Qxd3 46. Rxe6+ Rxe6 47. Qxe6+ Kg7 48. Kg2 Qd4 49. b4 cxb4 50. axb4 a5 51. bxa5 bxa5 52. Qf5 Qd8 53. Qe5+ Kf7 54. Qf5+ Ke8 55. c5 a4 56. c6 a3 57. Qe6+ Qe7 58. Qg8+ Qf8 59. Qxf8+ {Clock annotations are not
correct in this game.} 1-0

[Event "Swedish Chess Championship 2021: Mastarklassen-Elit"]
[Site "Scandic Helsingborg Nord, Florettgatan 41, Helsingborg, Sweden"]
[Date "2021.07.10"]
[Round "8.5"]
[White "Jogstad, Martin"]
[Black "Bellon Lopez, Juan Manuel"]
[Result "1/2-1/2"]
[TimeControl "90 minutes for 40 moves + 30 minutes for the rest of the game + 30 seconds per move from move one."]
[WhiteTitle "FM"]
[BlackTitle "GM"]
[WhiteFideId "1715364"]
[BlackFideId "2200031"]
[WhiteElo "2301"]
[BlackElo "2327"]

1. c4 e5 2. g3 Nc6 3. Bg2 Nf6 4. Nc3 Bc5 5. e3 d5 6. cxd5 Nb4 7. d3 Nbxd5 8. Nxd5 Nxd5 9. Nf3 Bb4+ 10.
Bd2 Qe7 11. O-O Bg4 12. Qa4+ Bd7 13. Qb3 Be6 14. e4 Nc3 15. Qc2 Ne2+ 16. Kh1 Bxd2 17. Qxd2 Nd4 18. Nxd4 exd4 19. f4 f6 20.
e5 O-O-O 21. exf6 Qxf6 22. Qa5 Kb8 23. Qb5 Bc8 24. Rfe1 Rd6 25. Rac1 Rhd8 26. Qc5 Qf7 27. Kg1 Be6 28.
b3 b6 29. Qe5 Bd5 30. Bxd5 Rxd5 31. Qe7 R8d7 32. Qxf7 Rxf7 33. Kg2 a5 34. Kf3 Kc8 35. g4 h5 36. h3 Kd7 37. Ke4 Rd6 38.
f5 g6 39. Kf4 hxg4 40. hxg4 gxf5 41. gxf5 a4 42. bxa4 Rh6 43. a5 Rh2 44. Re5 Kd6 45. Re6+ Kd5 46. Re5+ Kd6 47. Rce1 bxa5 48.
R1e2 Rh3 49. Re6+ Kd7 50. Ke4 c5 51. Re5 Re7 52. Rxe7+ Kxe7 53. Kd5+ Re3 54. Rd2 Rf3 55. Kxc5 Rxf5+ 56. Kxd4 Kd6 57. Rc2 Rf4+ 58.
Ke3 Ra4 59. Rb2 Kc5 60. Rc2+ Kd5 61. Rh2 Ra3 62. Rg2 Ra4 63. Rf2 Ra3 64. Re2 Ra4 65. Rd2 Ra3 66. Rh2 Ra4 67. Rg2 Ra3 68.
Rf2 Ra4 69. Re2 Ra3 70. Rc2 Ra4 71. Rh2 Ra3 72. Rh5+ Kd6 73. Ke4 Rxa2 74. d4 a4 75. Rh6+ Kc7 76. Kd5 a3 77. Rc6+ Kb7 78.
Rc3 Kb6 79. Rb3+ Ka5 80. Kd6 Ka4 81. Rb7 Rb2 82. Ra7+ Kb3 83. d5 a2 84. Kd7 Rb1 85. d6 a1=Q 86. Rxa1 Rxa1 87. Ke8 Re1+ 88.
Kf7 Rd1 89. Ke7 Kc4 90. d7 Kc5 91. d8=Q Rxd8 92. Kxd8 Kd4 1/2-1/2

[Event "Swedish Chess Championship 2021: Mastarklassen-Elit"]
[Site "Scandic Helsingborg Nord, Florettgatan 41, Helsingborg, Sweden"]
[Date "2021.07.11"]
[Round "9.1"]
[White "Johansson, Thomas"]
[Black "Jogstad, Martin"]
[Result "0-1"]
[TimeControl "90 minutes for 40 moves + 30 minutes for the rest of the game + 30 seconds per move from move one."]
[BlackTitle "FM"]
[WhiteFideId "1702998"]
[BlackFideId "1715364"]
[WhiteElo "2254"]
[BlackElo "2301"]

1. e4 e6 2. b3 d5 3. Bb2 Nc6 4. Bb5 Nge7 5. e5 Bd7 6. Qe2 Ng6 7. d4 a6 8. Bxc6 Bxc6 9. Nd2 Bb5 10.
Qg4 a5 11. a4 Ba6 12. f4 h5 13. Qg3 Nh4 14. Ngf3 Nf5 15. Qf2 Rc8 16. c4 c5 17. O-O cxd4 18. cxd5 Qxd5 19. Rfc1 Bc5 20.
Rxc5 Rxc5 21. Nxd4 Nxd4 22. Bxd4 Rc2 23. Qe3 O-O 24. Re1 Rfc8 25. Nf3 Ra2 26. Rc1 Rcc2 27. Rxc2 Rxc2 28. f5 exf5 29.
Qg5 f4 30. Qxf4 Qxb3 31. h4 Qd3 32. Ng5 Bc4 33. e6 Bxe6 34. Qe5 Qg6 35. Bc3 Rxc3 36. Qxc3 Qb1+ 37. Kh2 Qb4 38. Qg3 Qg4 39.
Qb8+ Bc8 40. Nf3 f6 41. Qc7 Qf5 42. Kh1 Bd7 43. Qxb7 Bxa4 44. Qc7 Kh7 45. Qf7 Bd7 46. Kg1 Qc5+ 47.
Kh1 Bg4 48. Qe8 Qc1+ 49. Ng1 Qf4 50. Qb5 a4 51. Qa5 Qe4 52. Nh3 Bxh3 53. Qxh5+ Kg8 0-1

[Event "Swedish Chess Championship 2021: Mastarklassen-Elit"]
[Site "Scandic Helsingborg Nord, Florettgatan 41, Helsingborg, Sweden"]
[Date "2021.07.11"]
[Round "9.2"]
[White "Ernst, Thomas"]
[Black "Thorn, Eric"]
[Result "1-0"]
[TimeControl "90 minutes for 40 moves + 30 minutes for the rest of the game + 30 seconds per move from move one."]
[WhiteTitle "GM"]
[BlackTitle "FM"]
[WhiteFideId "1700065"]
[BlackFideId "1710729"]
[WhiteElo "2310"]
[BlackElo "2271"]

1. e4 c6 2. d4 d5 3. Nd2 dxe4 4. Nxe4 Nf6 5. Nxf6+ exf6 6. c3 Bd6 7. Bd3 O-O 8. Qc2 Re8+ 9.
Ne2 g6 10. h4 Be6 11. h5 f5 12. Kf1 Nd7 13. Nf4 Qf6 14. hxg6 fxg6 15. Nxe6 Qxe6 16. Qb3 Qxb3 17. axb3 h5 18.
Rh3 Nf6 19. Re3 Ng4 20. Rxe8+ Rxe8 21. Bd2 a6 22. Re1 Rxe1+ 23. Kxe1 Kf7 24. Ke2 Nf6 25. f4 h4 26. Kf3 Nh5 27.
Be3 Ke6 28. Bc4+ Ke7 29. Bd3 Ke6 30. Bc4+ Ke7 31. Bd3 Bc7 32. Bc4 Kf6 33. Bd3 Ke6 34. Bc4+ Kf6 35. Bd3 b5 36. c4 Ke6 37.
d5+ Kd7 38. Bd2 Bd6 39. Be3 Bc7 40. Bd2 Bd6 41. Be3 cxd5 42. cxb5 a5 43. Bd2 Bc7 44. Be3 d4 45. Bd2 Kd6 46.
Bc4 Nf6 47. Be1 Ne4 48. Bxh4 a4 49. Bf7 axb3 50. Bxg6 Nd2+ 51. Ke2 Nc4 52. Kd3 Nxb2+ 53. Kxd4 Ke6 54. Kc3 Nd1+ 55. Kxb3 Bxf4 56.
Bh5 Ne3 57. Bf3 Kd6 58. Kb4 Nc2+ 59. Ka5 Bd2+ 60. Ka6 Nb4+ 61. Ka7 Be3+ 62. b6 Nd3 63. Bd8 Kd7 64. Bc7 Bd4 65. Ka6 Nc5+ 66.
Kb5 Ne6 67. Bc6+ Kc8 68. Bd6 Nd8 69. Bf4 Nb7 70. Bd5 Nc5 71. Kc6 Na6 72. b7+ Kd8 73. Bc4 Nb4+ 74. Kb5 1-0

[Event "Swedish Chess Championship 2021: Mastarklassen-Elit"]
[Site "Scandic Helsingborg Nord, Florettgatan 41, Helsingborg, Sweden"]
[Date "2021.07.11"]
[Round "9.3"]
[White "Furhoff, Johan"]
[Black "Nikolic, Vladan"]
[Result "1-0"]
[TimeControl "90 minutes for 40 moves + 30 minutes for the rest of the game + 30 seconds per move from move one."]
[WhiteTitle "IM"]
[WhiteFideId "1701797"]
[BlackFideId "1710702"]
[WhiteElo "2324"]
[BlackElo "2222"]

1. e4 e5 2. Nf3 Nc6 3. Bb5 a6 4.
Ba4 Nf6 5. O-O b5 6. Bb3 Bc5 7. c3 d6 8. d4 Bb6 9. Be3 O-O 10. Nbd2 h6 11. h3 Re8 12. Re1 Na5 13. Bc2 c5 14.
d5 c4 15. b4 cxb3 16. axb3 Bd7 17. Bd3 Bxe3 18. Rxe3 Qc7 19. Bf1 Reb8 20. Ne1 Nb7 21. b4 a5 22. Nb3 Nh7 23. Rc1 Qb6 24.
Bd3 Nf8 25. Kh2 Ng6 26. g3 Rf8 27. Qe2 Rac8 28. Ng2 Rc7 29. f4 Rfc8 30. Qd2 axb4 31. cxb4 Rxc1 32. Nxc1 Qd4 33. f5 Nf8 34.
Ne2 Qa1 35. Ne1 Nh7 36. Rf3 Nd8 37. Kg2 Rc7 38. Rf1 Ra7 39. Nc2 Qb2 40. Rd1 Nf6 41. g4 Kf8 42. Rc1 Ra8 43. Qc3 Ra2 44.
Kf3 Ke7 45. Ra1 g6 46. Rxa2 Qxa2 47. fxg6 fxg6 48. Na3 Nf7 49. Bb1 Ng5+ 50. Ke3 Qxd5 51. exd5 Nxd5+ 52. Kd2 Nxc3 53. Nxc3 Nxh3 54.
Bxg6 Bxg4 55. Nd5+ Ke6 56. Ne3 h5 57. Be4 Nf4 58. Nxb5 Kd7 59. Nc3 Be6 60. Ncd5 Nh3 61. Nf6+ Kc7 62.
Nxh5 Ng5 63. Bg2 Nh7 64. Ng7 Bd7 65. Nd5+ Kb8 66. Kc3 Nf8 67. Be4 Ka7 68. Kc4 Kb8 69. Nf5 Bc6 70. Nxd6 Nd7 71.
b5 Ba8 72. Kb4 Ka7 73. Ka5 Nc5 74. Bg2 Kb8 75. b6 Nd7 76. Kb5 e4 77. Nb4 Bb7 78. Nxb7 e3 79. Nd6 1-0

[Event "Swedish Chess Championship 2021: Mastarklassen-Elit"]
[Site "Scandic Helsingborg Nord, Florettgatan 41, Helsingborg, Sweden"]
[Date "2021.07.11"]
[Round "9.4"]
[White "Bellon Lopez, Juan Manuel"]
[Black "Lindberg, Bengt"]
[Result "1-0"]
[TimeControl "90 minutes for 40 moves + 30 minutes for the rest of the game + 30 seconds per move from move one."]
[WhiteTitle "GM"]
[BlackTitle "IM"]
[WhiteFideId "2200031"]
[BlackFideId "1700359"]
[WhiteElo "2327"]
[BlackElo "2392"]

1. d4 Nf6 2. Nc3 d5 3. Bg5 e6 4. e4 dxe4 5. Nxe4 Be7 6. Bxf6 gxf6 7. Nf3 a6 8. c3 Nd7 9. d5 e5 10.
d6 cxd6 11. Nxd6+ Bxd6 12. Qxd6 Qe7 13. Qxe7+ Kxe7 14. Bd3 Nc5 15. Bc2 Bg4 16. Nh4 Rad8 17. Nf5+ Bxf5 18. Bxf5 Nd3+ 19. Bxd3 Rxd3 20.
Ke2 Rhd8 21. Rhd1 Rxd1 22. Rxd1 Rg8 23. g3 Ke6 24. Ke3 f5 25. c4 Rc8 26. b3 h5 27. h4 f6 28. a4 Rc6 29.
a5 Rc5 30. Ra1 e4 31. Kf4 Rc7 32. Rd1 Rg7 33. c5 Rg4+ 34. Ke3 f4+ 35. gxf4 Rxh4 36. Kxe4 f5+ 37. Ke3 Rh3+ 38. f3 Ke7 39.
Rd6 Rh1 40. Rb6 Ra1 41. Rxb7+ Ke6 42. Rb6+ Kd5 43. Rxa6 Kxc5 44. Rf6 h4 45. Rxf5+ Kb4 46. Rh5 Kxb3 47. Rxh4 Rxa5 48. Rh8 Kc4 49.
Ke4 Kd5+ 1-0